 Dungeon Crawl Stone Soup version 0.31-a0-765-g67fe2935dc (webtiles) character file.

Game seed: 5046120766287121514

11 Pixllover the Trooper (level 2, -5/20 HPs)
             Began as a Gargoyle Berserker on Sept 16, 2023.
             Was a Follower of Trog.
             Engulfed by a cloud of flame (10 damage)
             ... on level 1 of the Dungeon.
             The game lasted 00:01:04 (423 turns).

Pixllover the Trooper (Gargoyle Berserker)           Turns: 423, Time: 00:01:04

Health: -5/20      AC:  6    Str: 20    XL:     2   Next: 29%
Magic:  2/2        EV: 11    Int:  7    God:    Trog [*.....]
Gold:   27         SH:  0    Dex:  9    Spells: 1/1 levels left

rFire   . . .        e - +1 short sword (venom)
rCold   . . .        (no shield)
rNeg    + . .        b - +0 animal skin
rPois   ∞            (no helmet)
rElec   +            c - +0 cloak
rCorr   .            (no gloves)
SInv    .            (no boots)
Will    .....        (no amulet)
Stlth   +            (no ring)
HPRegen 0.23/turn    (no ring)
MPRegen 0.08/turn

%: no passive effects
@: no status effects
A: sickness immunity, AC +2, negative energy resistance 1, electricity
resistance, torment resistance 1, petrification resistance
a: Renounce Religion, Berserk


You were on level 1 of the Dungeon.
You worshipped Trog.
Trog was aware of your devotion.
You visited 1 branch of the dungeon, and saw 1 of its levels.

You collected 27 gold pieces.

Inventory:

Hand Weapons
 a - a +0 mace
 e - a +1 short sword of venom (weapon)
Armour
 b - a +0 animal skin (worn)
 c - a +0 cloak (worn)
Scrolls
 d - a scroll of noise {unknown}
 f - a scroll of amnesia {unknown}


   Skills:
 + Level 3.6 Fighting
 + Level 3.2 Maces & Flails
 + Level 2.3 Armour
 + Level 1.6 Dodging


You had one spell level left.
You didn't know any spells.
Your spell library was empty.

Dungeon Overview and Level Annotations

Branches:
Dungeon (1/15)

Altars:


Innate Abilities, Weirdness & Mutations

You are immune to sickness and miasma.
Your stone body is resilient. (AC +2)
You are immune to poison.
You resist negative energy. (rN+)
You are resistant to electric shocks. (rElec)
You are resistant to unholy torment.
You are immune to petrification.


Message History

You kill the hobgoblin!
Trog accepts your kill.
You see here a hobgoblin corpse.
You see here a +0 club.
Found a hand axe.
You see here a +0 hand axe.
f - a scroll labelled XIT TAXUNLOMN You now have 21 gold pieces (gained 5).
You now have 27 gold pieces (gained 6).
A goblin comes into view. It is wielding a +0 dagger.
The goblin shouts!
Found 12 gold pieces.
Found a short lead wand and 6 stones.
The goblin hits you with a +0 dagger.
You hit the goblin.
The goblin is poisoned.
The goblin is moderately wounded.
The goblin hits you but does no damage.
You closely miss the goblin.
The goblin is moderately wounded.
The goblin hits you but does no damage.
You hit the goblin.
The goblin looks even sicker.
Your punch misses the goblin.
The goblin is heavily wounded.
You kill the goblin!
Trog accepts your kill.
Things that are here:
a +0 dagger; a goblin corpse
Things that are here:
a +0 dagger; a goblin corpse
Found 11 gold pieces.
Found 19 gold pieces.
Things that are here:
a +0 dagger; a goblin corpse A goblin comes into view.
It is wielding a +0 club.
The goblin moves out of view.
You are engulfed in blazing flames.
Ouch! That really hurt!
* * * LOW HITPOINT WARNING * * *
A kobold and a ball python come into view.
You are engulfed in blazing flames.
Ouch! That really hurt!
You die...

## .. $# .#
#############.# °
..............# ○§#
.###########.######...##
.# ####.#.§@°g..... .#
#...)..§§☼./$..S .#
##.##.#.§§☼.(.$.K .#
#####...#.######...## .#
#.......#.. §§§#
.###.###...#### §§#
..##.# ##### .# .....#
.# ...###


You could see a goblin, a ball python (asleep) and a kobold (asleep).

Vanquished Creatures
  A dart slug (D:1)
  2 endoplasms (D:1)
  A goblin (D:1)
  A hobgoblin (D:1)
  A kobold (D:1)
  A quokka (D:1)
  A rat (D:1)
8 creatures vanquished.

Notes
Turn   | Place    | Note
-------+----------+-------------------------------------------
     0 | D:1      | Pixllover the Gargoyle Berserker began the quest for the
                  | Orb.
     0 | D:1      | Reached XP level 1. HP: 14/14 MP: 1/1
   197 | D:1      | Reached XP level 2. HP: 14/19 MP: 2/2
   423 | D:1      | Engulfed by a cloud of flame

Illustrated notes

Levels and vault maps discovered:
D:1:      heliophobic_arrival_ceremonial_halls, layout_loops_ring,
          lemuel_flame_loot_1

Action                     || total
---------------------------++-------
  Melee: Mace              ||    11
         Short sword       ||    13
 Armour: Animal skin       ||    14
  Dodge: Dodged            ||    12

Table legend: (Time is in decaauts)
 A = Elapsed time spent in this place.
 B = Non-inter-level travel time spent in this place.
 C = Inter-level travel time spent in this place.
 D = Time resting spent in this place.
 E = Time spent auto-exploring this place.
 F = Levels seen in this place.
 G = Mean time per level.
                   A        B        C        D        E       F      G
               +--------+--------+--------+--------+--------+-----+--------+
         Total |    425 |    425 |      0 |     42 |    229 |   1 |  425.0 |
       Dungeon |    425 |    425 |      0 |     42 |    229 |   1 |  425.0 |
               +--------+--------+--------+--------+--------+-----+--------+

Top non-repeatable levels by time:
     D:1: 425 daAuts
